 Dungeon Crawl Stone Soup version 0.29.1-15-g9cfb28693d (webtiles) character file.

Game seed: 7155428911235511624

3157 Peloso the Carver (level 9, -25/79 HPs)
             Began as a Minotaur Fighter on Apr 2, 2023.
             Was a Priest of Okawaru.
             Annihilated by an orc warlord
             ... wielding a +4 executioner's axe
              (30 damage)
             ... in a bailey.
             The game lasted 00:12:18 (6630 turns).

Peloso the Carver (Minotaur Fighter)                Turns: 6630, Time: 00:12:19

Health: -25/79     AC: 16    Str: 28    XL:     9   Next: 62%
Magic:  8/8        EV:  8    Int:  5    God:    Okawaru [***...]
Gold:   250        SH:  5    Dex: 13    Spells: 8/8 levels left

rFire   . . .      SeeInvis .   a - +1 long sword
rCold   + . .      Faith    .   d - +0 buckler
rNeg    . . .      Spirit   .   w - +0 plate armour {rC+}
rPois   .          Reflect  .   (helmet restricted)
rElec   .          Harm     .   (no cloak)
rCorr   .          Rampage  .   g - +0 pair of gloves
Will    .....                   A - +0 pair of boots
Stlth   ..........              (no amulet)
HPRegen 0.23/turn               i - +6 ring of strength
MPRegen 0.11/turn               (no ring)

@: silenced, hasted (expiring), very quick
A: horns 2, retaliatory headbutt
a: Renounce Religion


You were in a bailey.
You worshipped Okawaru.
Okawaru was most pleased with you.
You visited 1 branch of the dungeon, and saw 8 of its levels.
You also visited: Bailey.

You collected 304 gold pieces.
You spent 54 gold pieces at shops.

Inventory:

Hand Weapons
 a - a +1 long sword (weapon)
Armour
 b - a +0 scale mail
 c - a +0 chain mail
 d - a +0 buckler (worn)
 g - a +0 pair of gloves (worn)
 w - a +0 plate armour of cold resistance (worn)
 A - a +0 pair of boots (worn)
Jewellery
 i - a +6 ring of strength (left hand)
 v - a ring of see invisible
Wands
 y - a wand of polymorph (7)
Scrolls
 f - a scroll of vulnerability {unknown}
 k - a scroll of enchant armour
 l - a scroll of magic mapping
 m - a scroll of butterflies {unknown}
 p - a scroll of fear {unknown}
 s - a scroll of noise {unknown}
 u - a scroll of poison {unknown}
 x - a scroll of blinking {unknown}
 B - a scroll of immolation
Potions
 e - a potion of might
 h - a potion of haste
 j - 2 potions of flight
 n - 2 potions of curing
 o - a potion of magic {unknown}
 q - a potion of berserk rage {unknown}
 t - a potion of lignification {unknown}


   Skills:
 + Level 7.2 Fighting
 + Level 11.1 Long Blades
 + Level 9.1 Armour
 + Level 1.9 Dodging
 + Level 0.3 Stealth
 + Level 6.2 Shields
 + Level 1.0 Invocations


You had 8 spell levels left.
You didn't know any spells.
Your spell library contained the following spells:

 Spells                   Type           Power      Damage    Failure   Level
 Ensorcelled Hibernation  Hex/Ice        0%         N/A       100%        2
 Passwall                 Tmut/Erth      0%         N/A       100%        2
 Sublimation of Blood     Necr           0%         N/A       100%        2
 Wereblood                Tmut           0%         N/A       100%        2
 Spider Form              Tmut/Pois      0%         N/A       100%        3
 Swiftness                Air            0%         N/A       100%        3
 Anguish                  Hex/Necr       0%         N/A       100%        4
 Passage of Golubria      Tloc           0%         N/A       100%        4
 Iskenderun's Battlesphe  Conj           0%         2d6       100%        5
 Yara's Violent Unravell  Hex/Tmut       0%         3d3       100%        5
 Iron Shot                Conj/Erth      0%         9d1       100%        6
 Tukima's Dance           Hex            Unusable   N/A       N/A         3
 Spellforged Servitor     Conj/Summ      Unusable   N/A       N/A         7
 Summon Hydra             Summ           Unusable   N/A       N/A         7

Dungeon Overview and Level Annotations

Branches:
Dungeon (8/15)             Temple (0/1) D:7          Bailey (1/1)
   Lair: D:8-11

Altars:
Dithmenos
Elyvilon
Okawaru
Sif Muna

Shops:
D:2 *   D:3 [   D:5 :


Innate Abilities, Weirdness & Mutations

You have a pair of horns on your head.
You reflexively headbutt those who attack you in melee.


Message History

Aim: a hobgoblin, wielding a +0 war axe and wearing a +0 leather armour (will become a dart slug, a rat, or a ball python, chance to affect: 66%)
The hobgoblin struggles to resist.
Okay, then.
Okay, then.
The hobgoblin hits you with a +0 war axe.
Things that are here:
a +0 hand axe; a +0 leather armour; a gnoll skeleton You closely miss the hobgoblin.
The hobgoblin hits you but does no damage.
You hit the orc warlord but do no damage.
You hit the orc warlord. Your headbutt misses the orc warlord.
The orc warlord is lightly wounded.
The hobgoblin barely misses you. You furiously retaliate!
You headbutt the hobgoblin!
You kill the hobgoblin!
The orc warlord hits you with a +4 executioner's axe!
You slash the orc warlord!
The orc warlord is lightly wounded.
You barely miss the orc warlord. Your headbutt misses the orc warlord.
The orc warlord is lightly wounded.
The orc warlord hits you with a +4 executioner's axe!!
* * * LOW HITPOINT WARNING * * *
You hit the orc warlord.
The orc warlord is lightly wounded.
You hit the orc warlord. Your headbutt misses the orc warlord.
The orc warlord is lightly wounded.
Your extra speed is starting to run out.
The orc warlord hits you with a +4 executioner's axe!
* * * LOW HITPOINT WARNING * * *
You hit the orc warlord but do no damage.
You headbutt the orc warlord, but do no damage.
The orc warlord is lightly wounded.
The orc warlord grins.
You block the orc warlord's attack.
You hit the orc warlord but do no damage.
The orc warlord is lightly wounded.
You slash the orc warlord!
The orc warlord is moderately wounded.
The orc warlord hits you with a +4 executioner's axe!!
You die...

♣♣♣♣
♣♣♣..♣♣♣♣♣
♣♣♣........♣
♣..........♣
♣♣....∩@...♣♣
♣.....)o...♣
♣....∩....♣♣
♣♣.......♣♣
♣......).♣
♣♣##'''##♣
##.....##
#.......#
##.......##


You could see an orc warlord.

Vanquished Creatures
  An orc knight (Bailey)
  Sigmund (D:4)
  Duvessa (D:4)
  2 water moccasins (D:7)
  4 orc warriors (Bailey)
  An ice beast (D:7)
  A sky beast (D:6)
  A black bear (D:7)
  2 ogres
  A centaur (D:5)
  Blork the orc (D:6)
  A bullfrog (D:6)
  4 necrophages
  3 scorpions
  Dowan (D:4)
  3 howler monkeys (D:7)
  A jelly (D:5)
  3 orc priests (D:4)
  A hound (D:5)
  Jessica (D:2)
  An orc wizard (D:4)
  An iguana (D:6)
  Natasha (thrice) (D:2)
  12 gnolls
  9 adders
  A shadow imp (D:7)
  A white imp (D:6)
  An ufetubus (D:6)
  A worm (D:3)
  2 dart slugs
  15 orcs
  5 endoplasms
  3 giant cockroaches
  17 goblins
  13 hobgoblins
  8 jackals
  5 quokkas
  5 ball pythons
  4 bats (D:2)
  A frilled lizard (D:2)
  A kobold (D:2)
  4 rats
147 creatures vanquished.

Vanquished Creatures (others)
  A plant (D:7)
1 creature vanquished.

Grand Total: 148 creatures vanquished

Notes
Turn   | Place    | Note
-------+----------+-------------------------------------------
     0 | D:1      | Peloso the Minotaur Fighter began the quest for the Orb.
     0 | D:1      | Reached XP level 1. HP: 19/19 MP: 0/0
   599 | D:1      | Reached XP level 2. HP: 27/27 MP: 1/1
  1085 | D:2      | Reached XP level 3. HP: 33/33 MP: 2/2
  1107 | D:2      | Noticed Natasha
  1126 | D:2      | Killed Natasha
  1127 | D:2      | Reached skill level 3 in Long Blades
  1321 | D:2      | Reached XP level 4. HP: 40/40 MP: 3/3
  1349 | D:2      | Found Irisympu's Assorted Antiques.
  1356 | D:2      | Bought a scroll labelled BYUPLO GIZA for 27 gold pieces
  1356 | D:2      | Bought a scroll labelled SAER RISEA for 27 gold pieces
  1638 | D:2      | Reached skill level 4 in Long Blades
  1936 | D:2      | Noticed Natasha
  1942 | D:2      | Killed Natasha
  1943 | D:2      | Reached XP level 5. HP: 44/46 MP: 4/4
  1956 | D:2      | Noticed Natasha
  1959 | D:2      | Killed Natasha
  2008 | D:2      | Noticed Jessica
  2013 | D:2      | Killed Jessica
  2014 | D:2      | Reached skill level 5 in Long Blades
  2014 | D:2      | Reached skill level 1 in Dodging
  2707 | D:3      | Found Digoz's Antique Armour Shoppe.
  3217 | D:3      | Found a shimmering blue altar of Sif Muna.
  3323 | D:4      | Reached XP level 6. HP: 53/53 MP: 5/5
  3378 | D:4      | Reached skill level 6 in Long Blades
  3378 | D:4      | Reached skill level 5 in Armour
  3741 | D:4      | Found a shadowy altar of Dithmenos.
  3745 | D:4      | Found an iron altar of Okawaru.
  3748 | D:4      | Became a worshipper of Warmaster Okawaru
  3953 | D:4      | Noticed Dowan
  3985 | D:4      | Killed Dowan
  3986 | D:4      | Reached XP level 7. HP: 51/60 MP: 6/6
  4066 | D:4      | Noticed Duvessa
  4083 | D:4      | Killed Duvessa
  4084 | D:4      | Reached skill level 5 in Fighting
  4084 | D:4      | Reached skill level 7 in Long Blades
  4501 | D:4      | Noticed Sigmund
  4510 | D:4      | Killed Sigmund
  4510 | D:4      | Reached * piety under Okawaru
  4696 | D:5      | Entered Level 5 of the Dungeon
  4705 | D:5      | Found Duakkih's Vocational Training.
  4727 | D:5      | Reached skill level 5 in Shields
  5066 | D:5      | Reached skill level 8 in Long Blades
  5066 | D:5      | Reached XP level 8. HP: 59/69 MP: 7/7
  5602 | D:6      | Reached ** piety under Okawaru
  5687 | D:6      | Noticed Blork the orc
  5704 | D:6      | Killed Blork the orc
  5705 | D:6      | Reached skill level 9 in Long Blades
  5953 | D:6      | You fall into a shaft and drop 2 floors!
  5958 | D:7      | Found a staircase to the Ecumenical Temple.
  5994 | D:7      | Found a white marble altar of Elyvilon.
  6013 | D:7      | Reached XP level 9. HP: 62/75 MP: 8/8
  6021 | D:7      | Reached skill level 10 in Long Blades
  6026 | D:7      | Reached *** piety under Okawaru
  6058 | D:7      | Found a flagged portal.
  6266 | Bailey   | Entered a bailey
  6476 | Bailey   | Noticed an orc knight
  6497 | Bailey   | Killed an orc knight
  6575 | Bailey   | Reached skill level 11 in Long Blades
  6579 | Bailey   | Noticed an orc warlord
  6586 | Bailey   | Reached skill level 1 in Invocations
  6630 | Bailey   | Annihilated by an orc warlord

Illustrated notes

Levels and vault maps discovered:
D:1:      dpeg_arrival_snail, layout_basic
D:2:      layout_loops_ring, serial_shops, nicolae_square_shop, uniq_jessica,
          uniq_natasha
D:3:      layout_loops_ring, led_sif_pool, serial_shops,
          nicolae_shop_competitors_out_of_business
D:4:      layout_loops_ring, minitemple, grunt_ministairs_11, uniq_duvessa,
          uniq_sigmund
D:5:      layout_basic, nicolae_shop_vocational
D:6:      layout_gridville, nicolae_ru_the_path_less_chosen, marbit_many_paths,
          uniq_blork_the_orc
D:7:      layout_rooms, elyvilon_altar_4, nicolae_hepliaklqana_hazy_memory,
          lemuel_crystal_altar, minmay_temple_entry_mist, enter_bailey_5,
          serial_shops, nicolae_shop_window_shopping,
          ebering_dispersal_statue_hall
D:8:      wad_pebble_path, layout_layer_cave, grunt_ministairs_3,
          nicolae_grassy_gnolls, uniq_prince_ribbit1
Bailey:   bailey_axe_minmay_hex_keep, bailey

Skill      XL: |  1  2  3  4  5  6  7  8  9 |
---------------+----------------------------+-----
Armour         | 4 5 6 8 9 |  9.1
Shields        | 4 5 6 |  6.2
Fighting       | 4 5 6 7 |  7.2
Long Blades    | 3 4 5 6 8 9 11 | 11.1
Dodging        | 1 |  1.9
Invocations    | 1 |  1.0
Stealth        | |  0.3

Action                   |  1- 3 |  4- 6 |  7- 9 || total
-------------------------+-------+-------+-------++-------
Melee: Long sword        |    73 |   123 |   273 ||   469
       Headbutt          |    10 |    22 |    57 ||    89
Invok: Heroism           |       |       |     7 ||     7
Evoke: Wand              |       |       |     1 ||     1
  Use: Scroll            |     1 |     3 |     6 ||    10
       Potion            |       |       |     5 ||     5
Armor: Chain mail        |    57 |    43 |       ||   100
       Plate armour      |       |    22 |   107 ||   129
Dodge: Dodged            |    34 |    35 |    75 ||   144
Block: Buckler           |    17 |    23 |    71 ||   111
